 Dungeon Crawl Stone Soup version 0.23.2-40-g277498a001 (webtiles) character file.

Game seed: 4986237325030928170

2 HarlemGrape the Magician (level 1, 0/17 HPs)
             Began as a Gnoll Wanderer on Oct 22, 2019.
             Slain by a bat (1 damage)
             ... on level 1 of the Dungeon.
             The game lasted 00:00:59 (209 turns).

HarlemGrape the Magician (Gnoll Wanderer)            Turns: 209, Time: 00:01:00

Health: 0/17       AC:  2    Str: 12    XL:     1   Next: 30%
Magic:  6/6        EV: 11    Int: 16    God:
Gold:   0          SH:  0    Dex: 14    Spells: 9/9 levels left

rFire    . . .     SeeInvis .   a - +0 dagger
rCold    . . .     Gourm    .   (no shield)
rNeg     . . .     Faith    .   d - +0 robe
rPois    .         Spirit   .   (no helmet)
rElec    .         Reflect  .   (no cloak)
rCorr    .         Harm     .   (no gloves)
MR       .....                  (no boots)
Stlth    +++.......             (no amulet)
HPRegen  0.05/turn              (no ring)
MPRegen  0.10/turn              (no ring)

@: no status effects
A: distributed training, fangs 1, strong nose
a: no special abilities


You were on level 1 of the Dungeon.
You were not hungry.

You visited 1 branch of the dungeon, and saw 1 of its levels.

Inventory:

Hand Weapons
 a - a +0 dagger (weapon)
Armour
 d - a +0 robe (worn)
Scrolls
 c - a scroll of remove curse {unknown}
Potions
 b - a potion of lignification {unknown}
Comestibles
 f - 2 rations


   Skills:
 + Level 2.3 Fighting
 + Level 0.0 Short Blades
 + Level 2.3 Long Blades
 + Level 0.0 Axes
 + Level 0.0 Maces & Flails
 + Level 0.0 Polearms
 + Level 0.0 Staves
 + Level 0.0 Slings
 + Level 0.0 Bows
 + Level 0.0 Crossbows
 + Level 0.0 Throwing
 + Level 0.0 Armour
 + Level 0.0 Dodging
 + Level 4.0 Stealth
 + Level 2.3 Shields
 + Level 0.0 Unarmed Combat
 + Level 4.8 Spellcasting
 + Level 0.0 Conjurations
 + Level 0.0 Hexes
 + Level 3.6 Charms
 + Level 0.0 Summonings
 + Level 0.0 Necromancy
 + Level 0.0 Translocations
 + Level 0.0 Transmutations
 + Level 0.0 Fire Magic
 + Level 0.0 Ice Magic
 + Level 0.0 Air Magic
 + Level 1.9 Earth Magic
 + Level 0.0 Poison Magic
 + Level 0.0 Invocations
 + Level 0.0 Evocations


You had 9 spell levels left.
You didn't know any spells.
Your spell library contained the following spells:

 Spells                   Type           Power        Failure   Level  Hunger
 Infusion                 Chrm           ###.         3%          1    None
 Song of Slaying          Chrm           ###.....     5%          2    ##.....
 Shroud of Golubria       Chrm/Tloc      #.........   11%         2    ##.....
 Apportation              Tloc           #.....       16%         1    None
 Flame Tongue             Conj/Fire      #....        16%         1    None
 Regeneration             Chrm/Necr      #.........   22%         3    ###....
 Spectral Weapon          Hex/Chrm       #.......     22%         3    ###....
 Inner Flame              Hex/Fire       #.......     43%         3    ###....
 Portal Projectile        Hex/Tloc       #.....       43%         3    ###....


Dungeon Overview and Level Annotations

Branches:
Dungeon (1/15)

Altars:


Innate Abilities, Weirdness & Mutations

Your experience applies equally to all skills.
You have very sharp teeth.
Your uncanny sense of smell can sniff out nearby items.


Message History

There are monsters nearby!
There are monsters nearby!
The bat hits you but does no damage.
You hit the bat.
The bat is moderately wounded.
The bat hits you but does no damage.
You hit the goblin.
The goblin is heavily wounded.
The bat hits you. The goblin hits you.
You miss the bat. The bat hits you. The goblin hits you.
* * * LOW HITPOINT WARNING * * *
You closely miss the bat. You bite the bat, but do no damage.
The bat hits you but does no damage. The goblin hits you.
* * * LOW HITPOINT WARNING * * *
The bat hits you but does no damage. x2; The goblin closely misses you.
The bat hits you but does no damage. The goblin closely misses you.
The bat hits you.
* * * LOW HITPOINT WARNING * * *
The bat completely misses you. The bat hits you.
You die...

#. ###.##### #
#.......# #
#.....####### # .#
#............ # .#
#..g.######## # .#
......#.## ######.#
#######b# .......# #@#
###....# ##'## #
#.#.## ##...## #
#...## ##.....## #
#....## ##.......##
###.....####.........#
...........'.........+
####....####.........#
#.#.## ##.......##


You could see a goblin and a bat.

Vanquished Creatures
  A goblin (D:1)
  A rat (D:1)
2 creatures vanquished.

Notes
Turn   | Place    | Note
-------+----------+-------------------------------------------
     0 | D:1      | HarlemGrape the Gnoll Wanderer began the quest for the Orb.
     0 | D:1      | HarlemGrape set off with the following items: a +0 dagger,
                  | a +0 robe, a ration; and the following spells available to
                  | memorise: Infusion, Song of Slaying, Shroud of Golubria,
                  | Apportation, Flame Tongue, Regeneration, Spectral Weapon,
                  | Inner Flame, Portal Projectile
     0 | D:1      | Reached XP level 1. HP: 17/17 MP: 6/6
   209 | D:1      | Slain by a bat

Action                   || total
-------------------------++-------
Melee: Dagger            ||     9
       Bite              ||     1
Armor: Robe              ||    18
Dodge: Dodged            ||    27
